 Dungeon Crawl Stone Soup version 0.25.1-2-g60ff931df9 (webtiles) character file.

Game seed: 11560634450348764429

453 DogServant the Skirmisher (level 7, -4/47 HPs)
             Began as a Gargoyle Fighter on Nov 12, 2020.
             Slain by Natasha (6 damage)
             ... on level 4 of the Dungeon.
             The game lasted 00:06:36 (3643 turns).

DogServant the Skirmisher (Gargoyle Fighter)        Turns: 3643, Time: 00:06:37

Health: -4/47      AC: 12    Str: 21    XL:     7   Next: 5%
Magic:  7/7        EV:  7    Int:  8    God:
Gold:   159        SH:  9    Dex: 10    Spells: 6/6 levels left

rFire    . . .     SeeInvis .   a - +0 flail
rCold    . . .     Gourm    .   c - +0 kite shield
rNeg     + . .     Faith    .   b - +0 scale mail
rPois    ∞         Spirit   .   (no helmet)
rElec    +         Reflect  .   (no cloak)
rCorr    .         Harm     .   q - +0 pair of gloves
MR       .....                  (no boots)
Stlth    ..........             (no amulet)
HPRegen  0.15/turn              l - ring of attention (curse)
MPRegen  0.10/turn              (no ring)

@: mighty
A: negative energy resistance 1, electricity resistance, unbreathing,
petrification resistance, rot immunity, AC +4
a: no special abilities


You were on level 4 of the Dungeon.
You were not hungry.

You visited 1 branch of the dungeon, and saw 4 of its levels.

You collected 159 gold pieces.

Inventory:

Hand Weapons
 a - a +0 flail (weapon)
Armour
 b - a +0 scale mail (worn)
 c - a +0 kite shield (worn)
 q - a +0 pair of gloves (worn)
Jewellery
 l - a cursed ring of attention (left hand)
Wands
 i - a wand of polymorph (3)
Scrolls
 g - a scroll of magic mapping {unknown}
 j - a scroll of noise {unknown}
 k - 3 scrolls of remove curse {unknown}
 n - 2 scrolls of random uselessness {unknown}
 r - a scroll of teleportation {unknown}
 s - 3 scrolls of enchant weapon {unknown}
 u - a scroll of enchant armour {unknown}
 w - a scroll of amnesia {unknown}
Potions
 d - 2 potions of might
 h - 2 potions of mutation
 m - a potion of cancellation
 o - a potion of ambrosia
 p - a potion of brilliance
 t - a potion of curing
 v - a potion of heal wounds {unknown}
Comestibles
 f - 10 rations


   Skills:
 + Level 6.4 Fighting
 + Level 5.3 Maces & Flails
 - Level 3.2 Armour
 - Level 3.2 Shields


You had 6 spell levels left.
You didn't know any spells.
Your spell library was empty.

Dungeon Overview and Level Annotations

Branches:
Dungeon (4/15)
 Temple: D:4-7

Altars:
Dithmenos
Gozag
Ru
Uskayaw

Annotations:
D:4 Natasha


Innate Abilities, Weirdness & Mutations

You are resistant to torment.
Your stone body is resilient. (AC +4)
You are immune to poison.
You resist negative energy. (rN+)
You are resistant to electric shocks. (rElec)
You can survive without breathing.
You are immune to petrification.
You are immune to rotting.


Message History

You barely miss the ogre.
The ogre is moderately wounded.
Natasha claws you but does no damage. You block the ogre's attack.
Natasha claws you but does no damage.
You hit the ogre.
The ogre is heavily wounded.
Natasha extends her claws.
Natasha casts a spell at you.
The magic dart hits you but does no damage.
The ogre closely misses you.
You sock the ogre!
You kill the ogre!
You have reached level 7!
Natasha wildly gestures.
Natasha shimmers violently.
Natasha stares at you and mumbles some strange words.
The magic dart hits you but does no damage.
Your shield prevents you from hitting Natasha.
You block Natasha's attack. Natasha claws you.
You die...

.....)......#....##
...........#.....#
........#....#..##
.......#....#...#
###.##........#...#
#...##......#....##
#######....#.....##...##
...............h)#.[...#
.........#.<....@.#....#
........##..##....##...#
#######).####.....##...#
...(...### #......#...#
...#..## ##.##......#
.....## ### .....#
..#.## ###### ..### ###


You could see Natasha.

Vanquished Creatures
  An ogre (D:4)
  A phantom (D:4)
  Natasha (D:4)
  An orc wizard (D:4)
  Robin (D:2)
  4 gnolls (D:2)
  5 adders
  An ooze (D:1)
  4 worms
  4 leopard geckos
  10 orcs
  12 bats
  2 giant cockroaches
  14 goblins
  14 hobgoblins
  A jackal (D:3)
  A ball python (D:3)
  6 frilled lizards
  4 kobolds
  4 rats
91 creatures vanquished.

Vanquished Creatures (others)
  An orc wizard (D:4)
  A rat (D:3)
2 creatures vanquished.

Grand Total: 93 creatures vanquished

Notes
Turn   | Place    | Note
-------+----------+-------------------------------------------
     0 | D:1      | DogServant the Gargoyle Fighter began the quest for the
                  | Orb.
     0 | D:1      | Reached XP level 1. HP: 14/14 MP: 1/1
   133 | D:1      | Reached XP level 2. HP: 19/19 MP: 2/2
   710 | D:2      | Reached skill level 4 in Fighting
   710 | D:2      | Reached XP level 3. HP: 15/24 MP: 3/3
   925 | D:2      | Found a hide-covered altar of Uskayaw.
   925 | D:2      | Noticed a +0 dagger
   925 | D:2      | Noticed a +0 dagger
   999 | D:2      | Reached XP level 4. HP: 25/30 MP: 4/4
  1100 | D:2      | Noticed Robin
  1611 | D:2      | Killed Robin
  1611 | D:2      | Reached XP level 5. HP: 34/34 MP: 5/5
  1621 | D:2      | Found a shadowy altar of Dithmenos.
  2063 | D:3      | Reached skill level 5 in Fighting
  2481 | D:3      | Found an opulent altar of Gozag.
  2822 | D:3      | Found a sacrificial altar of Ru.
  3239 | D:4      | Noticed Natasha
  3242 | D:4      | Noticed a phantom
  3252 | D:4      | Reached XP level 6. HP: 40/40 MP: 6/6
  3274 | D:4      | Killed Natasha
  3342 | D:4      | Killed a phantom
  3342 | D:4      | Reached skill level 6 in Fighting
  3342 | D:4      | Reached skill level 5 in Maces & Flails
  3629 | D:4      | Noticed Natasha
  3639 | D:4      | HP: 1/41 [ogre/+0 giant club (23)]
  3642 | D:4      | Reached XP level 7. HP: 1/47 MP: 7/7
  3643 | D:4      | Slain by Natasha

Illustrated notes

Levels and vault maps discovered:
D:1:      heliophobic_arrival_henge, layout_basic
D:2:      layout_loops_ring, grunt_dithmenos_smoke_and_mirrors,
          dancing_weapons_uskayaw, uniq_robin
D:3:      layout_basic, grunt_gozag_statues, hangedman_ru_absence,
          serial_bayou_pond_c, minmay_fractal_squares_5
D:4:      layout_cave_pools, grunt_qazlal_sundering, lemuel_blue_sif_altar,
          kennysheep_little_box, serial_bayou_pond_d,
          eino_small_chamber_without_monster, uniq_duvessa, uniq_natasha

Skill      XL: |  1  2  3  4  5  6 |
---------------+-------------------+-----
Fighting       | 4 5 6 |  6.4
Maces & Flails | 3 4 5 |  5.3
Armour         | |  3.2
Shields        | |  3.2

Action                   |  1- 3 |  4- 6 |  7- 9 || total
-------------------------+-------+-------+-------++-------
Melee: Flail             |    97 |   347 |     1 ||   445
  Use: Scroll            |       |     4 |       ||     4
       Potion            |       |     2 |       ||     2
  Eat: Chunk             |       |    10 |       ||    10
Armor: Scale mail        |    74 |   235 |     1 ||   310
Dodge: Dodged            |    49 |   146 |       ||   195
Block: Kite shield       |    66 |   233 |     1 ||   300
